| TOP OF THE 1ST |
|
Caldwell Claws batting - Pitching for Great Falls Voyagers : RHP Alex Ducos
|
|
Pitching: RHP Alex Ducos
|
|
|
Batting: RHB Kim Christensen
|
0-0: Foul Ball, location: 2F 0-1: SOLO HOME RUN (Flyball, 7D, EV 105.6 MPH), Distance : 353 ft
|
|
Batting: RHB David Morales
|
0-0: Ball 1-0: Called Strike 1-1: Called Strike 1-2: Ball 2-2: Foul Ball, location: 2F 2-2: Foul Ball, location: 2F 2-2: Fly out, F7 (Flyball, 78D, EV 84.4 MPH)
|
|
Batting: LHB Miguel Negron
|
0-0: Ball 1-0: Ground out 5-3 (Groundball, 5, EV 88.8 MPH)
|
|
Batting: LHB Dave Smith
|
0-0: Called Strike 0-1: Ball 1-1: Foul Ball, location: 2F 1-2: Foul Ball, location: 2F 1-2: Ball 2-2: SOLO HOME RUN (Flyball, 9D, EV 90.0 MPH), Distance : 374 ft
|
|
Batting: LHB Gregory Robles
|
0-0: Ball 1-0: Ball 2-0: Called Strike 2-1: Foul Ball, location: 2F 2-2: Ball 3-2: Base on Balls
|
|
Batting: LHB Joseph Wesley
|
0-0: Ball 1-0: Ball 2-0: Called Strike 2-1: Swinging Strike 2-2: Ball 3-2: Foul Ball, location: 2F 3-2: Base on Balls Gregory Robles to second
|
|
Batting: LHB Willie Vigil
|
0-0: Ball 1-0: Foul Ball, location: 2F 1-1: Swinging Strike 1-2: Fly out, F3 (Line Drive, 3, EV 66.9 MPH)
|
| Top of the 1st over - 2 runs, 2 hits, 0 errors, 2 left on base; Caldwell 2 - Great Falls 0 |
| BOTTOM OF THE 1ST |
|
Great Falls Voyagers batting - Pitching for Caldwell Claws : RHP Mario Galvan
|
|
Pitching: RHP Mario Galvan
|
|
|
Batting: LHB Jose Fernandez
|
0-0: Ball 1-0: Ball 2-0: Foul Ball, location: 2F 2-1: Ground out 6-3 (Groundball, 6, EV 101.9 MPH)
|
|
Batting: LHB Juan Villaescusa
|
0-0: Ball 1-0: Ball 2-0: Fly out, F8 (Flyball, 8LS, EV 73.1 MPH)
|
|
Batting: RHB Johnny Paredes
|
0-0: Ball 1-0: Swinging Strike 1-1: Ground out 5-3 (Groundball, 56S, EV 90.0 MPH)
|
| Bottom of the 1st over - 0 runs, 0 hits, 0 errors, 0 left on base; Caldwell 2 - Great Falls 0 |
| TOP OF THE 2ND |
|
Caldwell Claws batting - Pitching for Great Falls Voyagers : RHP Alex Ducos
|
|
Batting: LHB Roberto Guillen
|
0-0: Ball 1-0: Called Strike 1-1: Ground out U3 (Groundball, 3, EV 83.8 MPH)
|
|
Batting: RHB Eddie Acevedo
|
0-0: Ground out 6-3 (Groundball, 6, EV 80.0 MPH)
|
|
Batting: RHB Kim Christensen
|
0-0: Ball 1-0: Ground out 6-3 (Groundball, P, EV 84.4 MPH)
|
| Top of the 2nd over - 0 runs, 0 hits, 0 errors, 0 left on base; Caldwell 2 - Great Falls 0 |
| BOTTOM OF THE 2ND |
|
Great Falls Voyagers batting - Pitching for Caldwell Claws : RHP Mario Galvan
|
|
Batting: RHB Jose Gomez
|
0-0: Ball 1-0: Swinging Strike 1-1: Ground out 5-3 (Groundball, 15, EV 83.8 MPH)
|
|
Batting: SHB John Kanter
|
0-0: Called Strike 0-1: Called Strike 0-2: DOUBLE (Line Drive, 7LS, EV 88.8 MPH)
|
|
Batting: SHB Gerald Young
|
0-0: SINGLE (Groundball, 56S, EV 69.4 MPH) (infield hit) John Kanter to third
|
|
Batting: LHB John Yari
|
0-0: Ball 1-0: Foul Ball, location: 2F 1-1: Foul Ball, location: 2F 1-2: Fielders Choice at 2nd, 4-6 (Groundball, 34, EV 79.4 MPH) John Kanter scores
|
|
Batting: RHB Anthony Notaroberto
|
Pickoff Throw to First - Out! 1-3
|
| Bottom of the 2nd over - 1 run, 2 hits, 0 errors, 0 left on base; Caldwell 2 - Great Falls 1 |
| TOP OF THE 3RD |
|
Caldwell Claws batting - Pitching for Great Falls Voyagers : RHP Alex Ducos
|
|
Batting: RHB David Morales
|
0-0: Ball 1-0: Ball 2-0: Called Strike 2-1: Ground out 5-3 (Groundball, 5S, EV 60.0 MPH)
|
|
Batting: LHB Miguel Negron
|
0-0: Called Strike 0-1: Foul Ball, location: 2F 0-2: Ball 1-2: Strikes out swinging
|
|
Batting: LHB Dave Smith
|
0-0: Ball 1-0: Ball 2-0: Ball 3-0: Base on Balls
|
|
Batting: LHB Gregory Robles
|
0-0: DOUBLE (Line Drive, 8LXD, EV 111.3 MPH) Dave Smith to third Runner from 3rd tries for Home, SAFE, no throw by CF
|
|
Batting: LHB Joseph Wesley
|
0-0: Foul Ball, location: 2F 0-1: Ball 1-1: Ball 2-1: Ball 3-1: Called Strike 3-2: Foul Ball, location: 2F 3-2: Base on Balls
|
|
Batting: LHB Willie Vigil
|
0-0: Fly out, F8 (Flyball, 8RS, EV 86.9 MPH)
|
| Top of the 3rd over - 1 run, 1 hit, 0 errors, 2 left on base; Caldwell 3 - Great Falls 1 |
| BOTTOM OF THE 3RD |
|
Great Falls Voyagers batting - Pitching for Caldwell Claws : RHP Mario Galvan
|
|
Batting: RHB Anthony Notaroberto
|
0-0: Called Strike 0-1: Called Strike 0-2: Ground out 6-3 (Groundball, 6, EV 106.9 MPH)
|
|
Batting: RHB Harvey Wilkerson
|
0-0: Foul Ball, location: 2F 0-1: Ground out 6-3 (Groundball, 6S, EV 82.5 MPH)
|
|
Batting: LHB Jose Fernandez
|
0-0: Ball 1-0: Ball 2-0: Swinging Strike 2-1: Called Strike 2-2: Fly out, F8 (Flyball, 78M, EV 77.5 MPH)
|
| Bottom of the 3rd over - 0 runs, 0 hits, 0 errors, 0 left on base; Caldwell 3 - Great Falls 1 |
| TOP OF THE 4TH |
|
Caldwell Claws batting - Pitching for Great Falls Voyagers : RHP Alex Ducos
|
|
Batting: LHB Roberto Guillen
|
0-0: Called Strike 0-1: Called Strike 0-2: Ground out 3-1 (Groundball, 34D, EV 88.8 MPH)
|
|
Batting: RHB Eddie Acevedo
|
0-0: Called Strike 0-1: Ball 1-1: SINGLE (Line Drive, 9S, EV 93.8 MPH)
|
|
Batting: RHB Kim Christensen
|
0-0: Called Strike 0-1: Ball 1-1: Swinging Strike 1-2: Foul Ball, location: 2F 1-2: Ball 2-2: Grounds into double play, 6-4-3 (Groundball, 6M, EV 100.6 MPH)
|
| Top of the 4th over - 0 runs, 1 hit, 0 errors, 0 left on base; Caldwell 3 - Great Falls 1 |
| BOTTOM OF THE 4TH |
|
Great Falls Voyagers batting - Pitching for Caldwell Claws : RHP Mario Galvan
|
|
Batting: LHB Juan Villaescusa
|
0-0: Ground out U3 (Groundball, 34S, EV 93.8 MPH)
|
|
Batting: RHB Johnny Paredes
|
0-0: Swinging Strike 0-1: Ball 1-1: DOUBLE (Line Drive, 7LD, EV 112.5 MPH)
|
|
Batting: RHB Jose Gomez
|
0-0: SINGLE (Groundball, 6M, EV 110.6 MPH) (infield hit) Johnny Paredes to third
|
|
Batting: SHB John Kanter
|
0-0: Fly out, F8 (Flyball, 78XD, EV 100.6 MPH) Runner from 3rd tags up, SCORES, no throw by CF
|
|
Batting: SHB Gerald Young
|
0-0: Swinging Strike 0-1: Ground out U3 (Groundball, 3L, EV 86.9 MPH)
|
| Bottom of the 4th over - 1 run, 2 hits, 0 errors, 1 left on base; Caldwell 3 - Great Falls 2 |
| TOP OF THE 5TH |
|
Caldwell Claws batting - Pitching for Great Falls Voyagers : RHP Alex Ducos
|
|
Batting: RHB David Morales
|
0-0: Ball 1-0: Called Strike 1-1: Ball 2-1: Ground out 4-3 (Groundball, 4, EV 99.4 MPH)
|
|
Batting: LHB Miguel Negron
|
0-0: Foul Ball, location: 2F 0-1: Foul Ball, location: 2F 0-2: Foul Ball, location: 2F 0-2: Foul Ball, location: 2F 0-2: Foul Ball, location: 2F 0-2: Foul Ball, location: 2F 0-2: Ball 1-2: Foul Ball, location: 2F 1-2: SINGLE (Groundball, 34D, EV 99.4 MPH)
|
|
Batting: LHB Dave Smith
|
0-0: Ball Miguel Negron steals 2nd base 1-0: Ball 2-0: Called Strike 2-1: Ball 3-1: Called Strike 3-2: Ground out 1-3 (Groundball, 13S, EV 70.6 MPH) Miguel Negron to third
|
|
Batting: LHB Gregory Robles
|
0-0: SINGLE (Flyball, 56D, EV 86.9 MPH) Miguel Negron scores
|
|
Batting: LHB Joseph Wesley
|
0-0: Foul Ball, location: 2F 0-1: Ball 1-1: Foul Ball, location: 2F 1-2: 2-RUN HOME RUN (Flyball, 9D, EV 96.9 MPH), Distance : 376 ft
|
|
Batting: LHB Willie Vigil
|
0-0: Ball 1-0: Ball 2-0: Called Strike 2-1: Ground out 6-3 (Groundball, 6, EV 103.8 MPH)
|
| Top of the 5th over - 3 runs, 3 hits, 0 errors, 0 left on base; Caldwell 6 - Great Falls 2 |
| BOTTOM OF THE 5TH |
|
Great Falls Voyagers batting - Pitching for Caldwell Claws : RHP Mario Galvan
|
|
Batting: LHB John Yari
|
0-0: Ground out 5-3 (Groundball, 56, EV 87.5 MPH)
|
|
Batting: RHB Anthony Notaroberto
|
0-0: Called Strike 0-1: Ball 1-1: Ground out 5-3 (Groundball, 56, EV 84.4 MPH)
|
|
Batting: RHB Harvey Wilkerson
|
0-0: Ball 1-0: Fly out, F8 (Flyball, 8LM, EV 88.1 MPH)
|
| Bottom of the 5th over - 0 runs, 0 hits, 0 errors, 0 left on base; Caldwell 6 - Great Falls 2 |
| TOP OF THE 6TH |
|
Caldwell Claws batting - Pitching for Great Falls Voyagers : RHP Alex Ducos
|
|
Pitching: RHP Libardo Villalba
|
|
|
Batting: LHB Roberto Guillen
|
0-0: Ball 1-0: Ground out 6-3 (Groundball, 6, EV 88.8 MPH)
|
|
Batting: RHB Eddie Acevedo
|
0-0: DOUBLE (Line Drive, 7LM, EV 104.4 MPH)
|
|
Batting: RHB Kim Christensen
|
0-0: Foul Ball, location: 2F 0-1: Ball 1-1: Swinging Strike 1-2: Ball 2-2: Ball 3-2: Base on Balls
|
|
Batting: RHB David Morales
|
0-0: Foul Ball, location: 2F 0-1: Ball 1-1: Called Strike 1-2: Foul Ball, location: 2F 1-2: Foul Ball, location: 2F 1-2: Fielders Choice at 2nd, 3-6 (Groundball, 34, EV 86.3 MPH) Eddie Acevedo to third
|
|
Batting: LHB Miguel Negron
|
0-0: Ground out 4-3 (Groundball, 4D, EV 95.0 MPH)
|
| Top of the 6th over - 0 runs, 1 hit, 0 errors, 2 left on base; Caldwell 6 - Great Falls 2 |
| BOTTOM OF THE 6TH |
|
Great Falls Voyagers batting - Pitching for Caldwell Claws : RHP Mario Galvan
|
|
Batting: LHB Jose Fernandez
|
0-0: SINGLE (Line Drive, 78S, EV 98.1 MPH)
|
|
Batting: LHB Juan Villaescusa
|
0-0: Ball 1-0: Called Strike 1-1: Ball 2-1: Fly out, F8 (Flyball, 78M, EV 88.8 MPH)
|
|
Batting: RHB Johnny Paredes
|
0-0: Ball 1-0: Ball 2-0: Fly out, F9 (Flyball, 9, EV 93.8 MPH)
|
|
Batting: RHB Jose Gomez
|
0-0: Ball Wild Pitch! Jose Fernandez to second 1-0: Foul Ball, location: 2F 1-1: Foul Ball, location: 2F 1-2: SINGLE (Line Drive, 9S, EV 93.8 MPH) Jose Fernandez to third Runner from 3rd tries for Home, SAFE, throw by RF to home
|
|
Batting: SHB John Kanter
|
0-0: Ball 1-0: Foul Ball, location: 2F 1-1: SINGLE (Flyball, 89S, EV 93.8 MPH) Jose Gomez to second
|
|
Batting: SHB Gerald Young
|
0-0: Ball 1-0: Foul Ball, location: 2F 1-1: Called Strike 1-2: Foul Ball, location: 2F 1-2: Strikes out swinging
|
| Bottom of the 6th over - 1 run, 3 hits, 0 errors, 2 left on base; Caldwell 6 - Great Falls 3 |
| TOP OF THE 7TH |
|
Caldwell Claws batting - Pitching for Great Falls Voyagers : RHP Libardo Villalba
|
|
Batting: LHB Dave Smith
|
0-0: Called Strike 0-1: Swinging Strike 0-2: Strikes out looking
|
|
Batting: LHB Gregory Robles
|
0-0: Ball 1-0: Ball 2-0: Ball 3-0: Base on Balls
|
|
Batting: LHB Joseph Wesley
|
0-0: Foul Ball, location: 2F 0-1: Ball 1-1: Ball 2-1: Foul Ball, location: 2F 2-2: Foul Ball, location: 2F 2-2: Foul Ball, location: 2F 2-2: Ball 3-2: Foul Ball, location: 2F 3-2: Fly out, F8 (Flyball, 8RM, EV 91.9 MPH)
|
|
Batting: LHB Willie Vigil
|
0-0: Called Strike 0-1: Ground out 4-3 (Groundball, 4, EV 98.1 MPH)
|
| Top of the 7th over - 0 runs, 0 hits, 0 errors, 1 left on base; Caldwell 6 - Great Falls 3 |
| BOTTOM OF THE 7TH |
|
Great Falls Voyagers batting - Pitching for Caldwell Claws : RHP Mario Galvan
|
|
Batting: LHB John Yari
|
0-0: Ground out 5-3 (Groundball, 56S, EV 86.9 MPH)
|
|
Batting: RHB Anthony Notaroberto
|
0-0: Called Strike 0-1: Fly out, F4 (Popup, 4, EV 59.4 MPH)
|
|
Batting: RHB Harvey Wilkerson
|
0-0: Called Strike 0-1: Called Strike 0-2: Strikes out swinging
|
| Bottom of the 7th over - 0 runs, 0 hits, 0 errors, 0 left on base; Caldwell 6 - Great Falls 3 |
| TOP OF THE 8TH |
|
Caldwell Claws batting - Pitching for Great Falls Voyagers : RHP Libardo Villalba
|
|
Batting: LHB Roberto Guillen
|
0-0: Ball 1-0: Called Strike 1-1: Foul Ball, location: 2F 1-2: Ball 2-2: Foul Ball, location: 2F 2-2: Ball 3-2: Foul Ball, location: 2F 3-2: DOUBLE (Flyball, 8LXD, EV 108.1 MPH)
|
|
Pitching: RHP Donald Fenton
|
|
|
Batting: RHB Eddie Acevedo
|
0-0: Ball 1-0: Bunt missed! 1-1: Bunted foul 1-2: Ground out 6-3 (Groundball, 6S, EV 65.0 MPH) Roberto Guillen to third
|
|
Batting: RHB Kim Christensen
|
0-0: Ball Wild Pitch! Roberto Guillen scores 1-0: Ball 2-0: Ball 3-0: Base on Balls
|
|
Batting: RHB David Morales
|
0-0: Ball 1-0: Ground out 4-3 (Groundball, 13, EV 83.8 MPH) Kim Christensen to second
|
|
Batting: LHB Miguel Negron
|
0-0: Ball 1-0: 2-RUN HOME RUN (Flyball, 9D, EV 105.6 MPH), Distance : 379 ft
|
|
Batting: LHB Dave Smith
|
0-0: Called Strike 0-1: Ball 1-1: Called Strike 1-2: Ball 2-2: Ball 3-2: Foul Ball, location: 2F 3-2: Strikes out looking
|
| Top of the 8th over - 3 runs, 2 hits, 0 errors, 0 left on base; Caldwell 9 - Great Falls 3 |
| BOTTOM OF THE 8TH |
|
Great Falls Voyagers batting - Pitching for Caldwell Claws : RHP Mario Galvan
|
|
Batting: LHB Jose Fernandez
|
0-0: Ball 1-0: Called Strike 1-1: Foul Ball, location: 2F 1-2: Strikes out swinging
|
|
Batting: LHB Juan Villaescusa
|
0-0: SINGLE (Groundball, 6MD, EV 96.3 MPH)
|
|
Batting: RHB Johnny Paredes
|
0-0: Grounds into double play, 4-6-3 (Groundball, 34, EV 83.8 MPH)
|
| Bottom of the 8th over - 0 runs, 1 hit, 0 errors, 0 left on base; Caldwell 9 - Great Falls 3 |
| TOP OF THE 9TH |
|
Caldwell Claws batting - Pitching for Great Falls Voyagers : RHP Donald Fenton
|
|
Batting: LHB Gregory Robles
|
0-0: Ball 1-0: Ball 2-0: Ball 3-0: Called Strike 3-1: Base on Balls
|
|
Batting: LHB Joseph Wesley
|
0-0: Ball 1-0: Foul Ball, location: 2F 1-1: Ball 2-1: Ball 3-1: Base on Balls Gregory Robles to second
|
|
Pitching: LHP Pat Clements
|
|
|
Batting: LHB Willie Vigil
|
0-0: Foul Ball, location: 2F 0-1: Called Strike 0-2: Ball 1-2: Ball 2-2: Fielders Choice at 2nd, 4-6 (Groundball, 4, EV 102.5 MPH) Gregory Robles to third
|
|
Batting: LHB Roberto Guillen
|
0-0: Ball 1-0: Swinging Strike 1-1: Ball 2-1: Foul Ball, location: 2F 2-2: Strikes out swinging
|
|
Batting: RHB Eddie Acevedo
|
0-0: Ball 1-0: Ball 2-0: Fly out, F7 (Line Drive, 7, EV 101.9 MPH)
|
| Top of the 9th over - 0 runs, 0 hits, 0 errors, 2 left on base; Caldwell 9 - Great Falls 3 |
| BOTTOM OF THE 9TH |
|
Great Falls Voyagers batting - Pitching for Caldwell Claws : RHP Mario Galvan
|
|
Batting: RHB Jose Gomez
|
0-0: Ball 1-0: Ball 2-0: Ball 3-0: Base on Balls
|
|
Batting: SHB John Kanter
|
0-0: Ball 1-0: Foul Ball, location: 2F 1-1: Ball 2-1: Fielders Choice at 2nd, 1-4 (Groundball, 15S, EV 65.6 MPH)
|
|
Batting: SHB Gerald Young
|
0-0: Called Strike 0-1: SINGLE (Flyball, 78S, EV 95.0 MPH) John Kanter to second
|
|
Batting: LHB John Yari
|
0-0: Ball 1-0: Ball 2-0: Foul Ball, location: 2F 2-1: Foul Ball, location: 2F 2-2: Ball 3-2: Fly out, F9 (Flyball, 89D, EV 97.5 MPH) Runner from 2nd tags up, SAFE at 3rd, no throw by RF
|
|
Batting: RHB Anthony Notaroberto
|
0-0: Foul Ball, location: 2F 0-1: Fielders Choice at 2nd, U6 (Groundball, 6M, EV 84.4 MPH)
|
| Bottom of the 9th over - 0 runs, 1 hit, 0 errors, 2 left on base; Caldwell 9 - Great Falls 3 |
|